 Dungeon Crawl Stone Soup version 0.31.0-32-g396128a36d (webtiles) character file.

Game seed: 2984521022426907368

56 gohu the Magician (level 4, -4/31 HPs)
             Began as a Djinni Fire Elementalist on Mar 11, 2024.
             Slain by Crazy Yiuf
             ... wielding a +2 quarterstaff of chaos
              (10 damage)
             ... on level 2 of the Dungeon.
             The game lasted 00:02:36 (1352 turns).

gohu the Magician (Djinni Fire Elementalist)        Turns: 1352, Time: 00:02:37

Health: -4/31      AC:  3    Str:  7    XL:     4   Next: 17%
Gold:   99         EV: 12    Int: 18    God:
                   SH:  0    Dex: 17

rFire   + + .        h - +8 spear "Killer Klown's Doom" {freeze, Dex+3}
rCold   x . .        (no shield)
rNeg    . . .        a - +0 robe
rPois   ∞            f - +0 helmet
rElec   .            (no cloak)
rCorr   .            (no gloves)
SInv    .            (boots unavailable)
Will    .....        (no amulet)
Stlth   ++           (no ring)
HPRegen 0.25/turn    (no ring)
MPRegen 0.00/turn

%: infuse magic (-5 HP)
@: flying
A: sickness immunity, fire resistance 2, cold vulnerability 1, float, innate
caster, HP casting, extra vitality 1
a: no special abilities


You were on level 2 of the Dungeon.
You visited 1 branch of the dungeon, and saw 2 of its levels.

You collected 99 gold pieces.

Inventory:

Hand Weapons
 h - the +8 spear "Killer Klown's Doom" (weapon) {freeze, Dex+3}
   (You found it on level 2 of the Dungeon)

   Dex+3:     It affects your dexterity (+3).
Armour
 a - a +0 robe (worn)
 f - a +0 helmet (worn)
Scrolls
 c - a scroll of identify {unknown}
 d - a scroll of fog {unknown}
 g - a scroll of revelation {unknown}
 i - a scroll of poison {unknown}
Potions
 b - 2 potions of lignification {unknown}
 e - a potion of attraction {unknown}
 j - a potion of enlightenment {unknown}


   Skills:
 - Level 2.1 Dodging
 - Level 1.5 Stealth
 * Level 4.2 Spellcasting
 * Level 4.2 Conjurations
 * Level 4.2 Hexes
   Level 0.0 Charms
 * Level 4.2 Summonings
 * Level 4.2 Necromancy
 * Level 4.2 Translocations
   Level 0.0 Transmutations
 * Level 4.2 Fire Magic
 * Level 4.2 Ice Magic
 * Level 4.2 Air Magic
 * Level 4.2 Earth Magic
 * Level 4.2 Alchemy


You knew the following spells:

 Your Spells              Type           Power      Damage    Failure   Level
a - Foxfire               Conj/Fire      76%        2x1d7     2%          1
b - Scorch                Fire           38%        2d6       3%          2
c - Volatile Blastmotes   Fire/Tloc      38%        2d13      8%          3
d - Inner Flame           Hex/Fire       19%        N/A       8%          3
e - Flame Wave            Conj/Fire      19%        2d7       26%         4
f - Shock                 Conj/Air       76%        1d7       2%          1
Your spell library was empty.

Dungeon Overview and Level Annotations

Branches:
Dungeon (2/15)

Altars:

Annotations:
D:2 Crazy Yiuf


Innate Abilities, Weirdness & Mutations

You are immune to sickness and miasma.
You are immune to poison.
Your flesh is very heat resistant. (rF++)
You are vulnerable to cold. (rC-)
You float through the air rather than walking.
You learn spells naturally, not from books.
Your magical power is your life essence.
You have superior vitality. (+4 MHP)


Message History

You now have 90 gold pieces (gained 14).
You now have 99 gold pieces (gained 9).
You see here a +0 ring mail.
You see here 4 stones.
A dart slug comes into view.
The dart slug launches a dart at you. The slug dart misses you.
You reach to attack!
You hit the dart slug. You freeze the dart slug.
The dart slug is moderately wounded.
You reach to attack!
You puncture the dart slug! You freeze the dart slug.
You kill the dart slug!
You see here a dart slug corpse.
You see here a dart slug corpse.
There is a stone staircase leading down here.
You see here a +0 hammer.
You reach down and open the door.
Crazy Yiuf shouts!
Casting: Foxfire (safe; 2% risk of failure)
Confirm with . or Enter, or press ? or * to list all spells.
A cloud of volatile blastmotes flares up around you!
Run!
You see here a +0 hammer.
The cloud of blastmotes explodes!
The concussive blast engulfs Crazy Yiuf.
Crazy Yiuf is moderately wounded.
You reach to attack!
You completely miss Crazy Yiuf.
Crazy Yiuf is moderately wounded.
Crazy Yiuf whimpers, "Two illywillydillykilly shrimp!"
You hit Crazy Yiuf. You freeze Crazy Yiuf.
Crazy Yiuf is severely wounded.
Crazy Yiuf barely misses you.
You hit Crazy Yiuf. You freeze Crazy Yiuf.
Crazy Yiuf is severely wounded.
Crazy Yiuf hits you with a +2 quarterstaff of chaos!
Crazy Yiuf freezes you.
You barely miss Crazy Yiuf.
Crazy Yiuf is severely wounded.
Crazy Yiuf hits you with a +2 quarterstaff of chaos!
* * * LOW HITPOINT WARNING * * *
Crazy Yiuf hits you with a +2 quarterstaff of chaos!
You die...

#......# #......# #####
####..## #..)# ##.# #)).#
###### #.# ..) #....# #.#
#'# #....# #.# ##.#
##....# #.## #g## ......#
#..# ##@# ##....# #.##
#.## ##....# #[# ##.##
......# #.# #...##
##....####.## #....#
#....##....# #....#
#....##....###....####
#######.(.........##.##
#########..)..###......##


You could see Crazy Yiuf.

Vanquished Creatures
  2 adders (D:2)
  A ribbon worm (D:2)
  A dart slug (D:2)
  7 bats
  An endoplasm (D:2)
  2 giant cockroaches (D:2)
  2 goblins (D:2)
  5 hobgoblins
  3 quokkas
  5 ball pythons
  2 rats (D:1)
31 creatures vanquished.

Vanquished Creatures (others)
  70 foxfires
70 creatures vanquished.

Grand Total: 101 creatures vanquished

Notes
Turn   | Place    | Note
-------+----------+-------------------------------------------
     0 | D:1      | gohu the Djinni Fire Elementalist began the quest for the
                  | Orb.
     0 | D:1      | gohu set off with the following spells memorised: Foxfire,
                  | Scorch, Volatile Blastmotes, Inner Flame, Flame Wave.
     0 | D:1      | Reached XP level 1. HP: 15/15 MP: 0/0
   221 | D:1      | Reached XP level 2. HP: 21/21 MP: 0/0
   763 | D:2      | Found a runed translucent door.
   764 | D:2      | Noticed Crazy Yiuf
   802 | D:2      | Reached XP level 3. HP: 24/25 MP: 0/0
   802 | D:2      | Learned a level 1 spell: Shock
  1040 | D:2      | Identified the +8 spear "Killer Klown's Doom" {freeze,
                  | Dex+3}
  1047 | D:2      | Reached XP level 4. HP: 31/31 MP: 0/0
  1081 | D:2      | Found a faded altar of an unknown god.
  1352 | D:2      | Slain by Crazy Yiuf

Illustrated notes

Levels and vault maps discovered:
D:1:      dpeg_arrival_pits, layout_loops_ring
D:2:      layout_rooms, ebering_ecumenical_altar_webs, uniq_crazy_yiuf_cottage

Skill      XL: |  1  2  3 |
---------------+----------+-----
Spellcasting   | 4 |  4.2
Conjurations   | 4 |  4.2
Hexes          | 4 |  4.2
Summonings     | 4 |  4.2
Necromancy     | 4 |  4.2
Translocations | 4 |  4.2
Fire Magic     | 4 |  4.2
Ice Magic      | 4 |  4.2
Air Magic      | 4 |  4.2
Earth Magic    | 4 |  4.2
Alchemy        | 4 |  4.2
Dodging        | |  2.1
Stealth        | |  1.5

Action                     |  1- 3 |  4- 6 || total
---------------------------+-------+-------++-------
  Melee: Spear             |     1 |     9 ||    10
   Cast: Foxfire           |    39 |     2 ||    41
         Scorch            |     6 |       ||     6
         Volatile Blastmot |       |     1 ||     1
   Stab: Sleeping          |       |     1 ||     1
 Armour: Robe              |     9 |     3 ||    12
  Dodge: Dodged            |    14 |     2 ||    16
